 Dungeon Crawl Stone Soup version 0.17.0-27-g4a3f43e (webtiles) character file.

13103 Gorice the Cleaver (level 11, -1/92 HPs)
             Began as a Demonspawn Wanderer on Nov 20, 2015.
             Was a High Priest of Okawaru.
             Hit by a stone thrown by a minotaur (20 damage)
             ... in a labyrinth on Nov 21, 2015.
             The game lasted 01:01:34 (14469 turns).

Gorice the Cleaver (Demonspawn Wanderer)           Turns: 14469, Time: 01:01:34

Health: -1/92      AC: 18    Str: 24    XL:     11   Next: 71%
Magic:  11/11      EV:  9    Int:  7    God:    Okawaru [*****.]
Gold:   423        SH:  0    Dex: 11    Spells: 0 memorised, 10 levels left

rFire  + . .     SeeInvis +     a - +1 battleaxe (elec)
rCold  . . .     Clarity  .     c - +0 chain mail
rNeg   . . .     SustAt   .     (shield currently unavailable)
rPois  .         Gourm    .     (helmet restricted)
rElec  +         Spirit   .     y - +0 cloak
rCorr  .         Warding  .     (no gloves)
rMut   .         Stasis   .     (no boots)
MR     .....                    i - amulet of faith {!P}
Stlth  +.........               H - ring of Izoloqocy {rElec AC+3 Int-5 SInv Stlth+}
                                o - ring of protection from fire

@: mighty, heroism, finesse, not resistant to hostile enchantments, very
unstealthy
A: antennae 1, icy blue scales 2, powered by death 2, powered by pain 2
a: Heroism, Finesse, Renounce Religion


You were in a labyrinth.
You worshipped Okawaru.
Okawaru was extremely pleased with you.
You were not hungry.

You visited 3 branches of the dungeon, and saw 15 of its levels.
You also visited: Labyrinth and Ossuary.

You collected 650 gold pieces.
You spent 227 gold pieces at shops.

Inventory:

Hand Weapons
 a - a +1 battleaxe of electrocution (weapon)
   (You bought it in a shop on level 6 of the Dungeon)
 r - a +2 dire flail of protection
   (Okawaru gifted it to you on level 9 of the Dungeon)
 v - a +3 dagger of venom
   (You took it off an orc wizard on level 4 of the Dungeon)
 B - a +3 blowgun
Missiles
 h - 4 tomahawks (quivered)
 x - 30 poisoned needles
 Z - 409 stones
Armour
 c - a +0 chain mail (worn)
 y - a +0 cloak (worn)
Jewellery
 i - an amulet of faith (around neck) {!P}
 o - a ring of protection from fire (left hand)
 H - the ring of Izoloqocy (right hand) {rElec AC+3 Int-5 SInv Stlth+}
   (You found it on level 4 of the Dungeon)

   [ring of protection]

   It affects your AC (+3).
   It affects your intelligence (-5).
   It insulates you from electricity.
   It lets you see invisible.
   It makes you more stealthy.
Wands
 d - a wand of fire (9)
 g - a wand of polymorph (15)
 K - a wand of cold (8)
 L - a wand of slowing (30)
 S - a wand of digging (14)
 U - a wand of paralysis (4)
Scrolls
 f - 4 scrolls of remove curse
 l - a scroll of blinking
 n - 2 scrolls of immolation {unknown}
 q - 3 scrolls of teleportation {!r}
 s - a scroll of acquirement {unknown}
 t - 3 scrolls of enchant weapon
 N - 2 scrolls of vulnerability {unknown}
Potions
 b - 3 potions of curing
 z - a potion of magic {!q}
 A - 2 potions of haste {!q}
 E - 3 potions of agility {!q}
 F - a potion of berserk rage
 G - 2 potions of lignification {!q}
 I - a potion of ambrosia {!q}
 O - a potion of heal wounds {!q}
Books
 k - a book of Minor Magic
Comestibles
 w - a bread ration {!e}
 C - 6 meat rations {!e}
 Q - a slice of pizza
 R - 7 chunks of flesh


   Skills:
 - Level 10.3(15.3) Fighting
 - Level 1.0(6.0) Short Blades
 + Level 14.1(19.1) Axes
 + Level 3.6(8.6) Armour
 - Level 1.7(6.7) Stealth
 - Level 1.0 Evocations


You had 10 spell levels left.
You didn't know any spells.

Dungeon Overview and Level Annotations

Branches:
Dungeon (13/15)            Temple (1/1) D:7            Lair (1/8) D:8
    Orc: D:9-12      Vaults: D:13-14

Altars:
Ashenzari
Cheibriados
Dithmenos
Elyvilon
Fedhas
Gozag
Kikubaaqudgha
Makhleb
Nemelex Xobeh
Okawaru
Qazlal
Ru
Sif Muna
Trog
Vehumet
Xom
Yredelemnul
Zin
The Shining One

Shops:
D:5 *   D:6 (   D:9 %   D:13 ?

Annotations:
D:3 Oni's ghost, amateur FoFi
D:4 vpUX: ring in statue blocked vault
D:8 UX: shafted here
D:10 pUX: hill giant!
Lair:1 hydra wt!


Innate Abilities, Weirdness & Mutations

You have a pair of small antennae on your head.
You are mostly covered in icy blue scales (AC +3, EV -1).
You regenerate health from kills.
You sometimes gain power by taking damage.


Message History

The minotaur is poisoned.
The minotaur throws a stone.
The stone hits you!!
Damage: 21 (max 21) Firing (i - inventory. (,) - cycle):
x - 31 poisoned needles (quivered)
Press: ? - help, Shift-Dir - straight line, f/p - minotaur
Aim: a minotaur, wielding a quarterstaff of protection and wearing a glowing chain mail (poisoned)
You shoot a poisoned needle. The poisoned needle hits the minotaur!
The minotaur looks even sicker.
Wield which item (- for none, * to show all)? (? for menu, Esc to quit)
You hear the crackle of electricity.
a - a +1 battleaxe of electrocution (weapon)
You start resting.
The minotaur throws a stone.
The stone hits you!!
You focus on the pain.
You feel very mighty all of a sudden.
Damage: 21 (max 21)
The minotaur hits you with a quarterstaff of protection!
The minotaur gores you!
You focus on the pain.
You feel your power returning.
You see here 2 stones.
Damage: 21 (max 21) Unknown command.
Drink which item? (? for menu, Esc to quit)
Really quaff
O - 2 potions of heal wounds {!q}?
You feel much better.
Your chain mail prevents you from hitting the minotaur.
The minotaur furiously retaliates!
The minotaur headbutts you.
The minotaur is lightly wounded.
The minotaur hits you with a quarterstaff of protection.
The minotaur gores you.
Damage: 14 (max 21) Unknown command.
Evoke which item? (* to show all) (? for menu, Esc to quit)
Zapping:
U - a wand of paralysis {zapped: 3} (will waste charges)
Press: ? - help, Shift-Dir - straight line, f/p - minotaur
Aim: a minotaur, wielding a quarterstaff of protection and wearing a glowing chain mail (lightly wounded, poisoned, chance to defeat MR: 16%)
Okay, then.
Evoke which item? (* to show all) (? for menu, Esc to quit)
Zapping:
d - a wand of fire (will waste charges)
Press: ? - help, Shift-Dir - straight line, f/p - minotaur
Aim: a minotaur, wielding a quarterstaff of protection and wearing a glowing chain mail (lightly wounded, poisoned)
The bolt of fire hits the minotaur.
The minotaur resists.
The minotaur is moderately wounded.
Evoking this partially-identified wand wasted a few charges.
The minotaur hits you with a quarterstaff of protection!
* * * LOW HITPOINT WARNING * * *
The minotaur gores you!
* * * LOW HITPOINT WARNING * * *
Damage: 16 (max 21)
The minotaur throws a stone.
The stone hits you but does no damage.
You see here 2 stones.
The minotaur throws a stone.
The stone hits you!!
You die...

########## . .
#........#. #.#
#.######@#....#
# # # #(#. #.##
.# # #.# #(#
#.#. # #
#.(..H.# . #.#
#. ######## . .
. . # .. . .
.... ..# ## #
##. .. . # .
......#.#.
...## .. .. ...
. . .


You could see a minotaur.

Vanquished Creatures
  Erolcha (D:8)
  A centaur warrior (D:12)
  A hill giant (D:11)
  2 ugly things
  A cyclops (D:7)
  2 centaur zombies
  The ghost of Oni the Shield-Bearer, a novice FoFi (D:4)
  2 spiny frogs (Lair:1)
  A blink frog (shapeshifter) (D:13)
  A troll (D:9)
  A two-headed ogre (D:11)
  A wyvern (D:10)
  Sigmund (D:2)
  A hungry ghost (D:11)
  4 yaks
  A basilisk (D:12)
  A hippogriff (D:10)
  Menkaure (D:5)
  Edmund (D:5)
  2 sky beasts
  Duvessa (D:6)
  A wasp (D:10)
  A water moccasin (Lair:1)
  A black bear (D:9)
  8 centaurs
  An eye of draining (D:11)
  3 ice beasts
  2 phantoms
  2 crocodiles
  3 ogres
  Blork the orc (D:5)
  16 big kobolds
  9 giant frogs
  Dowan (D:6)
  3 scorpions
  2 water moccasin skeletons
  A jelly (D:9)
  10 killer bees
  A wight (D:12)
  3 electric eels (D:10)
  8 crimson imps
  5 orc priests
  A giant frog zombie (D:6)
  A quasit (D:8)
  7 hounds
  8 worker ants
  7 orc wizards
  A gnoll shaman (D:6)
  A centaur skeleton (D:7)
  2 iguanas
  5 big kobold zombies (Ossuary)
  A hound skeleton (D:4)
  A mummy (Ossuary)
  A worker ant zombie (D:11)
  8 gnolls
  13 adders
  16 river rats
  2 shadow imps
  An ooze (D:1)
  An adder skeleton (D:8)
  An adder zombie (D:5)
  4 worms
  8 giant geckos
  20 orcs
  A spectral bat (Ossuary)
  7 bats
  3 giant cockroaches
  2 goblins
  5 hobgoblins
  25 jackals
  27 kobolds
  2 quokkas
  5 ball pythons
  3 bat simulacra (Ossuary)
  A giant gecko zombie (D:6)
  6 giant newts
  7 gnoll zombies (Ossuary)
  3 goblin simulacra (Ossuary)
  6 goblin zombies (Ossuary)
  3 hobgoblin zombies (Ossuary)
  A kobold simulacrum (Ossuary)
  3 kobold zombies (Ossuary)
  6 orc zombies (Ossuary)
  A quokka skeleton (D:5)
  3 rats
  A rat simulacrum (Ossuary)
  A spectral goblin (Ossuary)
  3 spectral kobolds (Ossuary)
  6 spectral rats (Ossuary)
  2 plants (D:1)
353 creatures vanquished.

Vanquished Creatures (others)
  An orc (D:8)
  A plant (Lair:1)
2 creatures vanquished.

Grand Total: 355 creatures vanquished

Notes
Turn   | Place    | Note
--------------------------------------------------------------
     0 | D:1      | Gorice the Demonspawn Wanderer began the quest for the Orb.
     0 | D:1      | Gorice set off with: a +2 hand axe, 2 potions of curing, a +0 robe, a +0 dagger, a bread ration {!e}
     0 | D:1      | Reached XP level 1. HP: 16/16 MP: 1/1
    56 | D:1      | HP: 4/16 [jackal (2)]
    62 | D:1      | HP: 2/16 [jackal (2)]
   389 | D:1      | Reached skill level 4 in Axes
   389 | D:1      | Gained mutation: You sometimes gain a little power by taking damage. [demonic ancestry]
   389 | D:1      | Reached XP level 2. HP: 22/22 MP: 2/2
   851 | D:1      | Gained mutation: You sometimes gain power by taking damage. [demonic ancestry]
   851 | D:1      | Reached XP level 3. HP: 27/27 MP: 3/3
  1634 | D:2      | Noticed Sigmund
  1801 | D:3      | HP: 5/28 [iguana (8)]
  1805 | D:3      | Gained mutation: You are partially covered in icy blue scales (AC +1). [demonic ancestry]
  1805 | D:3      | Reached XP level 4. HP: 18/34 MP: 4/4
  2053 | D:3      | Reached skill level 5 in Axes
  2338 | D:3      | Reached skill level 3 in Fighting
  2358 | D:3      | Noticed Oni's ghost (amateur FoFi)
  2392 | D:3      | HP: 4/35 [Oni's ghost (10)]
  2901 | D:2      | Gained mutation: You have a pair of small antennae on your head. [demonic ancestry]
  2901 | D:2      | Reached XP level 5. HP: 31/41 MP: 5/5
  3175 | D:2      | HP: 12/41 [Sigmund/scythe (8)]
  3176 | D:2      | Killed Sigmund
  3176 | D:2      | Reached skill level 6 in Axes
  3176 | D:2      | Reached XP level 6. HP: 13/48 MP: 6/6
  3782 | D:3      | Noticed a giant frog
  3939 | D:3      | Reached skill level 4 in Fighting
  3983 | D:3      | Killed a giant frog
  4161 | D:2      | Gained mutation: You are mostly covered in icy blue scales (AC +3, EV -1). [demonic ancestry]
  4161 | D:2      | Reached XP level 7. HP: 23/55 MP: 7/7
  4536 | D:4      | Found a shimmering altar of Xom.
  4574 | D:4      | Got a vibrating bronze ring
  4575 | D:4      | Identified the ring of Izoloqocy {rElec AC+3 Int-5 SInv Stlth+} (You found it on level 4 of the Dungeon)
  4601 | D:4      | Found a sacrificial altar of Ru.
  4619 | D:4      | Found an iron altar of Okawaru.
  4653 | D:4      | Found a sand-covered staircase.
  4738 | Ossuary  | Entered an ossuary
  5208 | Ossuary  | Reached skill level 7 in Axes
  5578 | D:4      | Upgraded the game from 0.17.0-26-gececa24 to 0.17.0-27-g4a3f43e
  5587 | D:4      | Noticed Oni's ghost (novice FoFi)
  5618 | D:4      | Killed Oni's ghost
  5618 | D:4      | Reached skill level 5 in Fighting
  5954 | D:4      | Reached skill level 8 in Axes
  5954 | D:4      | Gained mutation: You regenerate a little health from kills. [demonic ancestry]
  5954 | D:4      | Reached XP level 8. HP: 57/63 MP: 8/8
  6020 | D:4      | Found a sparkling altar of Nemelex Xobeh.
  6158 | D:4      | Found a glowing golden altar of the Shining One.
  6273 | D:4      | Found a shattered altar of Ashenzari.
  6560 | D:5      | Entered Level 5 of the Dungeon
  6603 | D:4      | Became a worshipper of Warmaster Okawaru
  6882 | D:4      | Reached skill level 6 in Fighting
  7082 | D:5      | Found a deep blue altar of Sif Muna.
  7129 | D:5      | Found Kecol's Elemental Accessories.
  7147 | D:5      | Noticed Blork the orc
  7185 | D:5      | Killed Blork the orc
  7185 | D:5      | Reached skill level 9 in Axes
  7382 | D:5      | Noticed Edmund
  7410 | D:5      | Killed Edmund
  7421 | D:5      | Noticed Menkaure
  7653 | D:6      | Found Mano's Antique Weapon Shop.
  7665 | D:6      | Bought a glowing battleaxe for 227 gold pieces
  7916 | D:6      | Reached * piety under Okawaru
  8117 | D:6      | Noticed Duvessa
  8117 | D:6      | Noticed Dowan
  8126 | D:6      | Killed Duvessa
  8126 | D:6      | Reached XP level 9. HP: 66/71 MP: 9/9
  8132 | D:6      | Killed Dowan
  8552 | D:6      | You fall through a shaft for 2 floors!
  8562 | D:8      | Reached skill level 7 in Fighting
  8715 | D:5      | Reached skill level 10 in Axes
  8855 | D:5      | Killed Menkaure
  9490 | D:7      | Found a staircase to the Ecumenical Temple.
  9742 | D:7      | Noticed a cyclops
  9754 | D:7      | Killed a cyclops
  9754 | D:7      | Reached ** piety under Okawaru
  9754 | D:7      | Reached skill level 8 in Fighting
  9886 | Temple   | Entered the Ecumenical Temple
 10254 | D:8      | Noticed Psyche
 10256 | D:8      | Noticed Psyche
 10256 | D:8      | Psyche changed into Psyche the giant frog
 10259 | D:8      | Killed Psyche the giant frog
 10259 | D:8      | Reached skill level 11 in Axes
 10563 | D:8      | Reached *** piety under Okawaru
 10565 | D:8      | Reached XP level 10. HP: 81/81 MP: 10/10
 10720 | D:8      | Found a shadowy altar of Dithmenos.
 10753 | D:8      | Noticed Erolcha
 10762 | D:8      | Paralysed by Erolcha for 7 turns
 10768 | D:8      | HP: 22/82 [Erolcha/giant spiked club (16)]
 10777 | D:8      | HP: 15/82 [Erolcha/fireball (12)]
 10783 | D:8      | HP: 15/82 [Erolcha/giant spiked club (15)]
 10787 | D:8      | Killed Erolcha
 10787 | D:8      | Reached skill level 12 in Axes
 11070 | D:8      | Found a staircase to the Lair.
 11150 | D:8      | Reached **** piety under Okawaru
 11469 | Lair:1   | Entered Level 1 of the Lair of Beasts
 11472 | Lair:1   | AAAAA: gogogogogogoogogogogogogogogogogogoo
 11479 | Lair:1   | Gorice: heh
 11479 | Lair:1   | AAAAA: get more armour damn
 11487 | Lair:1   | AAAAA: only 14 ac 6 ev you're going to get melted
 11490 | Lair:1   | Gorice: yup
 11503 | Lair:1   | AAAAA: you can go to orc real quick and fetch a plaet
 11519 | Lair:1   | Reached skill level 9 in Fighting
 11542 | Lair:1   | Gorice: see how it goes...
 11705 | Lair:1   | Noticed a five-headed hydra
 11961 | D:9      | Reached ***** piety under Okawaru
 12070 | D:9      | Found Fafig's Food Shop.
 12404 | D:9      | Noticed a red ugly thing
 12418 | D:9      | Killed a red ugly thing
 12418 | D:9      | Received a gift from Okawaru
 12418 | D:9      | Reached skill level 13 in Axes
 12424 | D:9      | Gained mutation: You regenerate health from kills. [demonic ancestry]
 12424 | D:9      | Reached XP level 11. HP: 44/90 MP: 11/11
 12439 | D:9      | --cheers a bunch Oka
 12519 | D:10     | Entered Level 10 of the Dungeon
 12679 | D:10     | Noticed a hill giant
 12713 | D:10     | HP: 26/90 [hill giant/giant club (24)]
 13064 | D:11     | Reached skill level 10 in Fighting
 13105 | D:11     | Noticed a hill giant
 13121 | D:11     | Killed a hill giant
 13273 | D:11     | Received a gift from Okawaru
 13355 | D:11     | Reached skill level 1 in Armour
 13735 | D:10     | Reached skill level 2 in Armour
 13883 | D:10     | You fall through a shaft for 3 floors!
 13901 | D:13     | HP: 17/92 [large slime creature (31)]
 13908 | D:13     | Found Doteoh's Magic Scroll Shop.
 14178 | D:13     | Noticed a centaur warrior
 14217 | D:12     | Found a labyrinth entrance.
 14244 | D:12     | Reached skill level 14 in Axes
 14244 | D:12     | Reached skill level 3 in Armour
 14251 | D:12     | Noticed a centaur warrior
 14279 | D:12     | Killed a centaur warrior
 14314 | Lab      | Entered a labyrinth
 14457 | Lab      | Noticed a minotaur
 14467 | Lab      | HP: 26/92 [minotaur/quarterstaff of protection (10)]
 14469 | Lab      | Hit by a stone thrown by a minotaur

Action                   |  1- 3 |  4- 6 |  7- 9 | 10-12 || total
-------------------------+-------+-------+-------+-------++-------
Melee: Hand axe          |   154 |   188 |   496 |       ||   838
       Battleaxe         |       |       |   175 |   421 ||   596
       Dagger            |       |       |    13 |       ||    13
 Fire: Blowgun           |       |       |       |    17 ||    17
Throw: Tomahawk          |     1 |    13 |     3 |    17 ||    34
Invok: Heroism           |       |       |     1 |     9 ||    10
       Finesse           |       |       |       |     1 ||     1
Evoke: Wand              |       |     3 |     4 |     3 ||    10
  Use: Potion            |     1 |       |       |     5 ||     6
       Scroll            |       |       |    13 |    11 ||    24
 Stab: Sleeping          |       |       |    11 |       ||    11
       Paralysed         |       |       |       |     1 ||     1
  Eat: Chunk             |     3 |     7 |    17 |    13 ||    40
       Beef jerky        |       |       |     2 |     1 ||     3
       Pizza             |       |       |     1 |     1 ||     2

Table legend:
 A = Turns spent in this place as a percentage of turns spent in the entire game.
 B = Non-inter-level travel turns spent in this place as a percentage of non-inter-level travel turns spent in the entire game.
 C = Inter-level travel turns spent in this place as a percentage of turns spent in this place.
 D = Turns resting spent in this place as a percentage of non-inter-level travel turns spent in this place.
 E = Turns spent auto-exploring this place as a percentage of non-inter-level travel turns spent in this place.
 F = Non-inter-level travel turns spent in this place divided by the number of levels of this place that you've seen.
                   A       B       C       D       E      F
               +-------+-------+-------+-------+-------+----------------------
         Total | 100.0 | 100.0 |   0.5 |   2.4 |   5.0 | 314.4
       Dungeon |  81.9 |  81.8 |   0.6 |   2.6 |   5.8 | 336.5
        Temple |   0.7 |   0.6 |   2.9 |   0.0 |   8.8 |  34.0
          Lair |   4.2 |   4.2 |   0.0 |   0.9 |   3.5 | 227.0
     Labyrinth |   2.9 |   2.9 |   0.0 |   1.3 |   0.0 | 157.0
       Ossuary |  10.3 |  10.3 |   0.0 |   2.0 |   0.2 | 552.0
               +-------+-------+-------+-------+-------+----------------------

Vault maps used:
D:1:      saegor_arrival_simple_e, minmay_shallow_snake_nest
D:2:      uniq_sigmund
D:3:      first_bread
D:4:      nemelex_deck, nicolae_overflow_hidden_temple, lemuel_crystal_altar,
          nicolae_ossuary_entry_false_entrances, lemuel_statue_altar
D:5:      lemuel_blue_sif_altar, serial_glass, glass_columns_c, glass_columns_a,
          glass_columns_b, glass_columns_a, glass_columns_a, glass_columns_c,
          nicolae_elemental_shop, uniq_blork_the_orc, uniq_edmund, uniq_menkaure
D:6:      serial_shops, nicolae_shop_overgrown_old_shop,
          eino_small_chamber_without_monster, uniq_duvessa
D:7:      minmay_temple_entry_mist
D:8:      marbit_many_paths, dpeg_lair_monsters, special_room, uniq_erolcha,
          uniq_psyche
D:9:      serial_shops, kennysheep_little_box
D:10:     orc_0_dummy, serial_bayou, serial_bayou_pond_b, serial_bayou_pond_d,
          serial_bayou_pond_b, serial_bayou_pond_e, serial_bayou_lagoon_a,
          serial_bayou_pond_c
D:12:     lab_entry_generic, uniq_urug, uniq_nessos
D:13:     david_vaults_2, serial_shops, shop_coins, grunt_ogre_cave,
          minmay_beelzebubs_servants
Temple:   eino_temple_water_12
Lair:1:   beast_lair_carwin_large_2, minivault_27, serial_bayou_lagoon_b
Lab:      labyrinth_spiral, nicolae_lab_blocks, labyrinth_skeletal_remains,
          nicolae_lab_dead_end, nicolae_lab_hexagon, nicolae_lab_very_dead_end
Ossuary:  ossuary_zaba_two_paths
